 Seeded DCSS version 0.28-a0-1234-g826d19b2e0 (webtiles) character file.

Game seed: 4018878354053487559 (custom seed)

124273 croobank the Quickloader (level 16, -6/103 HPs)
             Began as a Demonspawn Monk on Dec 19, 2021.
             Was the Champion of Hepliaklqana.
             Mangled by a salamander (9 damage)
             ... on level 3 of the Snake Pit on Dec 24, 2021.
             The game lasted 05:22:33 (35512 turns).

croobank the Quickloader (Demonspawn Monk)         Turns: 35512, Time: 05:22:36

Health: -6/103     AC: 18    Str: 23    XL:     16   Next: 38%
Magic:  0/29       EV: 13    Int: 20    God:    Hepliaklqana [******]
Gold:   1415       SH:  0    Dex: 16    Spells: 22/33 levels left

rFire   . . .      SeeInvis .   b - +11 arbalest of Balance {elec, rElec rPois Int+5}
rCold   . . .      Faith    .   (shield currently unavailable)
rNeg    . . .      Spirit   +   j - +0 chain mail of Perpetual Drought {Str+7}
rPois   +          Reflect  .   X - +0 hat {Stlth+}
rElec   +          Harm     +   I - scarf {harm}
rCorr   .          Rampage  .   v - +2 pair of gloves
Will    ++...                   t - +0 pair of boots
Stlth   ++........              Q - amulet of regeneration
HPRegen 1.07/turn               G - ring of willpower
MPRegen 0.42/turn               i - +4 ring of protection

@: studying Slings
A: reduced essence, claws 1, spiny 1, magic shield, magic regeneration, magic
link, sturdy frame 2
a: Renounce Religion, Recall Ancestor, Ancestor Identity, Transference, Idealise


You were on level 3 of the Snake Pit.
You worshipped Hepliaklqana.
Hepliaklqana was exalted by your worship.
You visited 5 branches of the dungeon, and saw 27 of its levels.
You also visited: Ossuary.

You collected 2250 gold pieces.
You spent 835 gold pieces at shops.

Inventory:

Hand Weapons
 a - a +5 scimitar of flaming
 b - the +11 arbalest of Balance (weapon) {elec, rElec rPois Int+5}
   (You acquired it on level 10 of the Dungeon)

   Any ammunition fired from it occasionally discharges a powerful burst of
   electricity upon striking a foe.
   Int:       It affects your intelligence (+5).
   rElec:     It insulates you from electricity.
   rPois:     It protects you from poison.
 d - the +5 hunting sling "Gegyrirghiq" {speed, rPois rN+ Str+2}
   (You found it on level 4 of the Dungeon)

   Attacks with this weapon are significantly faster.
   Str:       It affects your strength (+2).
   rPois:     It protects you from poison.
   rN:        It protects you from negative energy.
 x - a +2 antimagic trident
 M - a +2 demon trident of pain
Missiles
 f - 645 stones
 g - 157 bolts (quivered ammo)
 m - 7 curare-tipped darts
 p - 214 sling bullets
 N - 23 javelins
Armour
 j - the +0 chain mail of Perpetual Drought (worn) {Str+7}
   (You found it on level 1 of the Snake Pit)

   Str:       It affects your strength (+7).
 t - a +0 pair of boots (worn)
 v - a +2 pair of gloves (worn)
 I - a scarf of harm (worn)
 X - a +0 hat of stealth (worn)
 Z - the +1 scale mail "Lumeocw" {rN+ Dex+4}
   (You acquired it on level 12 of the Dungeon)

   Dex:       It affects your dexterity (+4).
   rN:        It protects you from negative energy.
Jewellery
 i - a +4 ring of protection (right hand)
 n - a +4 ring of protection
 o - a ring of flight
 s - a ring of wizardry
 w - a ring of protection from cold
 C - a ring of magical power
 F - a ring of protection from fire
 G - a ring of willpower (left hand)
 J - a ring of magical power
 Q - an amulet of regeneration (around neck)
 R - an amulet of faith
 S - a ring of wizardry
 U - a ring of see invisible
Wands
 A - a wand of charming (21)
 L - a wand of mindburst (8)
 P - a wand of flame (42)
 V - a wand of iceblast (8)
 W - a wand of paralysis (25)
Scrolls
 c - a scroll of fear
 k - 14 scrolls of teleportation {teleport}
 r - a scroll of fog
 z - 13 scrolls of identify {identify}
 E - a scroll of immolation
 T - 6 scrolls of enchant armour {enchant armour, unknown}
 Y - a scroll of silence {silence, unknown}
Potions
 e - 3 potions of curing {curing}
 h - a potion of magic {magic, unknown}
 l - 5 potions of mutation {mutation, unknown}
 q - 7 potions of brilliance {brilliance, unknown}
 u - 4 potions of flight {flight, unknown}
 B - a potion of cancellation {cancellation, unknown}
 D - 5 potions of ambrosia {ambrosia, unknown}
 H - a potion of berserk rage {berzerk rage}
 O - 2 potions of resistance {resistance, unknown}
Miscellaneous
 y - a lightning rod (2/4)


   Skills:
 - Level 7.1 Fighting
 - Level 14.0 Long Blades
 - Level 3.2 Axes
 - Level 6.2 Slings
 - Level 14.1 Crossbows
 - Level 5.4 Armour
 - Level 6.5 Dodging
 - Level 2.6 Stealth
 - Level 9.3 Spellcasting
 - Level 10.2 Hexes
 + Level 6.5 Summonings
 + Level 6.0 Translocations


You had 22 spell levels left.
You knew the following spells:

 Your Spells              Type           Power      Damage    Failure   Level
a - Slow                  Hex            100%       N/A       1%          1
b - Blink                 Tloc           66%        N/A       2%          2
c - Confusing Touch       Hex            50%        N/A       1%          3
d - Summon Forest         Summ/Tloc      17%        N/A       41%         5

Your spell library contained the following spells:

 Spells                   Type           Power      Damage    Failure   Level
 Call Imp                 Summ           35%        N/A       1%          2
 Cause Fear               Hex            25%        N/A       3%          4
 Gell's Gravitas          Tloc           33%        N/A       5%          3
 Lesser Beckoning         Tloc           33%        N/A       5%          3
 Teleport Other           Tloc           33%        N/A       5%          3
 Inner Flame              Hex/Fire       29%        N/A       8%          3
 Summon Mana Viper        Hex/Summ       42%        N/A       19%         5
 Magic Dart               Conj           36%        1d4       21%         1
 Pain                     Necr           36%        1d5       21%         1
 Sting                    Tmut/Pois      36%        1d4       21%         1
 Poisonous Vapours        Pois/Air       18%        N/A       30%         2
 Manifold Assault         Tloc           33%        N/A       43%         5
 Animate Armour           Summ/Erth      44%        N/A       47%         4
 Mephitic Cloud           Conj/Pois/Air  9%         N/A       52%         3
 Stone Arrow              Conj/Erth      18%        3d8       52%         3
 Vampiric Draining        Necr           9%         2d6       52%         3
 Hailstorm                Conj/Ice       9%         3d4       90%         4
 Ice Form                 Ice/Tmut       9%         N/A       90%         4
 Olgreb's Toxic Radiance  Pois           9%         N/A       90%         4
 Summon Cactus Giant      Summ           17%        N/A       91%         6
 Agony                    Necr           9%         N/A       99%         5
 Alistair's Intoxication  Tmut/Pois      6%         N/A       99%         5
 Borgnjor's Vile Clutch   Necr/Erth      4%         N/A       99%         5
 Excruciating Wounds      Necr           4%         N/A       99%         5
 Eringya's Noxious Bog    Tmut/Pois      4%         N/A       100%        6
 Simulacrum               Ice/Necr       4%         N/A       100%        6
 Ozocubu's Refrigeration  Ice            4%         4d5       100%        7
 Storm Form               Tmut/Air       4%         N/A       100%        7
 Discord                  Hex            25%        N/A       100%        8
 Ignition                 Fire           4%         3d4       100%        8
 Lehudib's Crystal Spear  Conj/Erth      4%         10d3      100%        8


Dungeon Overview and Level Annotations

Branches:
Dungeon (15/15)            Temple (1/1) D:4            Lair (6/6) D:11
 Shoals (0/4) Lair:3        Snake (3/4) Lair:4        Slime (0/5) Lair:5
    Orc (2/2) D:9             Elf (0/3) Orc:2        Vaults (0/5) D:14
 Depths (0/4) D:15        Ossuary (visited)

Altars:
Dithmenos
Elyvilon
Fedhas
Hepliaklqana
Kikubaaqudgha
Nemelex Xobeh
Okawaru
Qazlal
Ru
Wu Jian
Xom
Yredelemnul
Zin
Beogh

Shops:
D:2 (   D:12 =   Orc:2 [(*=?   Snake:2 :   Snake:3 (

Portals:
Trove: D:11 (give +3 shadow dragon scales)

Annotations:
Lair:1 exclusion: oklob plant
Snake:2 6 transporters


Innate Abilities, Weirdness & Mutations

Your life essence is reduced to manifest your ancestor. (-10% HP)
You have sharp fingernails.
You are partially covered in sharp spines.
When hurt, damage is shared between your health and your magic reserves.
You regenerate magic rapidly.
When low on magic, you restore magic in place of health.
Your movements are less encumbered by armour. (ER -4)


Message History

You are no longer poisoned.
The salamander shoots an arrow.
The arrow hits you!
Fire: 158 bolts
Press: ? - help, Q - select action, (/) - cycle Shift-Dir - straight line, f/p - naga warrior
Aim: a naga warrior, wielding a +0 flail and wearing a +0 tower shield (severely wounded, strong, 80% to hit)
You shoot a bolt. The naga warrior blocks the bolt.
A naga comes into view. It is wielding a +0 long sword.
The salamander shoots an arrow.
The arrow barely misses you.
The salamander hits you from afar with a +0 halberd!!
You are engulfed in flames!
The naga warrior spits poison at you.
The splash of poison hits you but does no damage.
You are poisoned.
You resist.
You hear a shout!
Aiming: Thunderbolt
Press: ? - help, Shift-Dir - straight line, f/p - naga warrior
Aim: a naga warrior, wielding a +0 flail and wearing a +0 tower shield (severely wounded, strong, catching its breath)
The thunderbolt hits the naga warrior!
The naga warrior is almost dead.
You feel sick.
You hear an angry hiss.
The salamander shoots an arrow.
The arrow hits you!
The salamander hits you from afar with a +0 halberd!!
* * * LOW HITPOINT WARNING * * *
You are engulfed in flames!
* * * LOW HITPOINT WARNING * * *
The naga warrior hits you with a +0 flail!
* * * LOW HITPOINT WARNING * * *
A naga comes into view. It is wielding a +0 glaive.
A black mamba comes into view.
Okay, then.
Okay, then.
You feel better.
The naga warrior no longer looks unusually strong.
The salamander shoots an arrow.
The arrow hits you.
The salamander hits you from afar with a +0 halberd!
* * * LOW HITPOINT WARNING * * *
You are engulfed in flames!
You die...

.#
#..........##.......#
##
##......?..##.S.....#
###.......††.)....##
#..#..........###
#.###...##..### #.
##..##..# . #..##..#
# # #...#..### ####
##..#@...# ....
#..(N##..# ....
#.)N## ##.# .......#
#.N)# # #........
...(N #...........(N
............ #
.......####.
##.......


You could see a naga warrior (catching breath), 2 salamanders, a black mamba and
2 nagas.

Vanquished Creatures
  Rupert (D:15)
  Gastronok (D:12)
  An orc warlord (Orc:2)
  A dire elephant (Lair:4)
  A fire dragon (Lair:6)
  6 naga warriors
  A catoblepas (D:14)
  A salamander tyrant (Snake:3)
  Harold (D:7)
  3 boulder beetles
  3 centaur warriors
  6 hydras
  2 anacondas
  2 two-headed ogres
  3 tengu warriors (D:14)
  2 orc high priests (Orc:2)
  3 naga sharpshooters
  A death yak (Lair:2)
  Nergalle (Lair:1)
  4 shock serpents
  Sonja (Lair:6)
  2 salamander mystics (Snake:3)
  A wizard (D:15)
  Pikel (D:6)
  A naga ritualist (Snake:1)
  3 orc knights
  2 deep elf pyromancers
  2 ugly things
  A wolf spider (D:15)
  A necromancer (D:15)
  3 orc sorcerers
  A mana viper (Snake:2)
  2 cyclopes
  6 salamanders
  2 manticores
  A merfolk siren (Lair:3)
  A guardian serpent (Snake:3)
  Maurice (D:9)
  5 naga magi
  5 elephants (Lair:4)
  17 black mambas
  7 cane toads
  2 molten gargoyles (Lair:6)
  2 kobold demonologists
  An efreet (D:15)
  A rime drake (Lair:4)
  8 komodo dragons
  A freezing wraith (D:15)
  A tengu conjurer (D:14)
  A polar bear (Lair:3)
  7 trolls
  A meliai (shapeshifter) (D:13)
  3 dream sheep (Lair:6)
  8 slime creatures
  13 blink frogs
  A centaur simulacrum (D:15)
  3 wraiths
  18 yaks
  4 wyverns
  5 basilisks
  2 steam dragons
  Grum (D:8)
  4 vampire mosquitoes
  16 nagas
  2 wargs (Orc:2)
  8 water moccasins
  4 hell hounds (Lair:6)
  25 orc warriors
  A black bear (shapeshifter) (D:14)
  3 black bears
  A swamp drake (Orc:2)
  An ice beast (D:4)
  6 ogres
  3 wolves
  A lemure (D:6)
  13 centaurs
  4 kobold brigands
  13 bullfrogs
  A wyvern zombie (Ossuary)
  A scorpion (D:7)
  A water moccasin zombie (Ossuary)
  13 killer bees
  3 howler monkeys
  5 centaur zombies
  3 lava snakes (Lair:6)
  A crimson imp (Orc:2)
  3 jellies (Lair:5)
  12 orc priests
  2 bullfrog zombies (Ossuary)
  3 hounds
  7 centaur skeletons
  An iron imp (Orc:2)
  4 iguanas
  8 mummies (Ossuary)
  Terence (D:2)
  Natasha (D:3)
  23 orc wizards
  A killer bee zombie (Ossuary)
  Robin (D:2)
  2 gnolls
  6 adders
  2 shadow imps
  A white imp (Orc:2)
  An ufetubus (D:4)
  2 worms
  46 orcs
  6 bats
  5 endoplasms
  3 giant cockroaches
  10 goblins
  3 hobgoblins
  10 kobolds
  6 quokkas
  2 ball pythons
  3 frilled lizards (D:11)
  3 rats (D:1)
504 creatures vanquished.

Vanquished Creatures (collateral kills)
  The ghost of Hiamueneg the Severer, a journeyman HOAr of Beogh (D:15)
  An orc warlord (Orc:2)
  The ghost of Wadghoppo the Archer, a journeyman MiHu of Okawaru (Lair:4)
  Snorg (D:12)
  An ettin (Orc:1)
  2 naga warriors (Snake:2)
  6 hydras
  A catoblepas (D:13)
  An anaconda (Snake:2)
  3 centaur warriors
  Erica (D:8)
  2 death yaks (Lair:2)
  3 two-headed ogres
  A naga sharpshooter (Snake:2)
  A tengu warrior (D:14)
  Urug (Lair:6)
  A shock serpent (Snake:2)
  A skeletal warrior (D:14)
  A lindwurm (Lair:6)
  2 deep elf pyromancers (Orc:2)
  A wolf spider (D:15)
  An orc knight (Orc:2)
  2 ugly things (D:14)
  A manticore (D:13)
  4 elephants (Lair:4)
  12 black mambas
  A molten gargoyle (Lair:6)
  4 cane toads
  2 naga magi
  A rime drake (Lair:2)
  A tengu conjurer (D:14)
  4 komodo dragons
  A polar bear (Lair:1)
  A freezing wraith (D:14)
  2 trolls
  A hornet (D:9)
  5 slime creatures
  8 blink frogs
  A dream sheep (Lair:6)
  2 vampires
  A centaur simulacrum (D:15)
  2 steam dragons
  24 yaks
  4 basilisks
  2 vampire mosquitoes
  2 nagas
  A warg (Orc:1)
  A hell hound (Lair:6)
  A water moccasin (shapeshifter) (D:14)
  Duvessa (D:7)
  6 water moccasins
  6 orc warriors
  2 black bears
  A sky beast (D:5)
  2 ogres
  7 wolves
  A centaur (D:14)
  A phantom (D:7)
  A lemure (D:5)
  5 bullfrogs
  A gnoll sergeant (D:5)
  A water moccasin zombie (Ossuary)
  A scorpion (D:11)
  Dowan (D:7)
  8 killer bees
  3 bullfrog zombies (Ossuary)
  5 centaur zombies
  2 lava snakes (Lair:6)
  A jelly (Lair:5)
  A bullfrog skeleton (D:7)
  3 orc priests
  2 centaur skeletons
  A gnoll shaman (D:7)
  2 iguanas (D:11)
  Natasha (twice) (D:3)
  6 orc wizards
  A hound skeleton (D:5)
  3 howler monkey zombies
  8 mummies (Ossuary)
  5 gnolls
  An adder (D:6)
  20 orcs
  A goblin (D:4)
  A frilled lizard (D:11)
  2 kobolds
  A butterfly (Lair:2)
241 creatures vanquished.

Vanquished Creatures (others)
  40 battlemagi
  25 fungi
  49 plants
  6 withered plants
120 creatures vanquished.

Grand Total: 865 creatures vanquished

Notes
Turn   | Place    | Note
-------+----------+-------------------------------------------
     0 | D:1      | croobank the Demonspawn Monk began the quest for the Orb.
     0 | D:1      | Reached XP level 1. HP: 18/18 MP: 1/1
   190 | D:1      | Gained mutation: You regenerate magic rapidly. [demonic
                  | ancestry]
   190 | D:1      | Reached XP level 2. HP: 12/24 MP: 2/2
   755 | D:2      | Found a faded altar of an unknown god.
   790 | D:2      | Found Ungyky's Weapon Shop.
   849 | D:2      | Learned a level 1 spell: Slow
  1002 | D:2      | Reached XP level 3. HP: 27/29 MP: 3/3
  1105 | D:2      | Noticed Terence
  1116 | D:2      | Killed Terence
  1122 | D:2      | Noticed Robin
  1129 | D:2      | Killed Robin
  1130 | D:2      | Reached XP level 4. HP: 24/35 MP: 4/4
  2203 | D:3      | Noticed Natasha
  2215 | D:3      | Reached skill level 1 in Spellcasting
  2215 | D:3      | Reached skill level 1 in Hexes
  2222 | D:3      | Killed Natasha
  2487 | D:4      | Identified the +5 hunting sling "Gegyrirghiq" {speed, rPois
                  | rN+ Str+2}
  2526 | D:4      | Found a staircase to the Ecumenical Temple.
  2527 | D:4      | Noticed an ice beast
  2897 | D:4      | Gained mutation: Your movements are slightly less
                  | encumbered by armour. (ER -2) [demonic ancestry]
  2897 | D:4      | Reached XP level 5. HP: 39/41 MP: 7/7
  2901 | D:4      | Learned a level 2 spell: Blink
  2905 | D:4      | Learned a level 3 spell: Confusing Touch
  2918 | D:4      | You fall into a shaft and drop 1 floor!
  2918 | D:5      | Entered Level 5 of the Dungeon
  2956 | D:5      | Reached skill level 1 in Slings
  2979 | D:5      | Noticed an ogre
  2987 | D:5      | Killed an ogre
  3003 | D:5      | Noticed a sky beast
  3270 | D:5      | Gained mutation: Your movements are less encumbered by
                  | armour. (ER -4) [demonic ancestry]
  3270 | D:5      | Reached XP level 6. HP: 43/47 MP: 8/8
  3339 | D:4      | Killed an ice beast
  3352 | Temple   | Entered the Ecumenical Temple
  3474 | Temple   | Became a worshipper of Hepliaklqana the Forgotten
  3474 | Temple   | Reached * piety under Hepliaklqana
  3474 | Temple   | Reached ** piety under Hepliaklqana
  3475 | Temple   | Remembered your ancestor Andrew J Allford as a battlemage
  3591 | D:4      | Noticed an orc warrior
  3609 | D:4      | Killed an orc warrior
  3779 | D:4      | Noticed an orc warrior
  3789 | D:4      | Reached XP level 7. HP: 35/46 MP: 9/9
  3804 | D:4      | Reached skill level 5 in Slings
  4411 | D:5      | Identified the +12 arbalest of the Nine Lives {elec, rPois
                  | Dex-3 Stlth+}
  4905 | D:6      | Found a sand-covered staircase.
  4913 | Ossuary  | Entered an ossuary
  4937 | Ossuary  | Reached XP level 8. HP: 53/53 MP: 10/10
  5031 | Ossuary  | Reached skill level 5 in Crossbows
  5635 | D:6      | Noticed Pikel
  5951 | D:6      | Gained mutation: When hurt, damage is shared between your
                  | health and your magic reserves. [demonic ancestry]
  5951 | D:6      | Reached XP level 9. HP: 57/57 MP: 11/11
  5970 | D:6      | Killed Pikel
  6410 | D:7      | Reached *** piety under Hepliaklqana
  6570 | D:7      | Noticed Harold
  6590 | D:7      | Killed Harold
  6591 | D:7      | Reached skill level 10 in Crossbows
  6601 | D:7      | Noticed a troll
  6607 | D:7      | Killed a troll
  6610 | D:7      | Reached XP level 10. HP: 19/63 MP: 9/12
  7305 | D:7      | Noticed Duvessa
  7309 | D:7      | Killed Duvessa
  7313 | D:7      | Noticed Dowan
  7317 | D:7      | Killed Dowan
  8000 | D:8      | Noticed Erica
  8002 | D:8      | Killed Erica
  8084 | D:8      | Noticed Grum
  8087 | D:8      | Killed Grum
  8216 | D:8      | Reached **** piety under Hepliaklqana
  8726 | D:3      | Noticed Natasha
  8730 | D:3      | Killed Natasha
  8780 | D:2      | Bought 24 bolts for 48 gold pieces
  8812 | D:3      | Noticed Natasha
  8815 | D:3      | Killed Natasha
  8969 | D:9      | Found a staircase to the Orcish Mines.
  9806 | D:9      | Noticed a two-headed ogre
  9806 | D:9      | Noticed Maurice
  9816 | D:9      | Killed a two-headed ogre
  9817 | D:9      | Reached XP level 11. HP: 67/67 MP: 11/13
  9825 | D:9      | Killed Maurice
 10150 | Orc:1    | Entered Level 1 of the Orcish Mines
 10346 | Orc:2    | Entered Level 2 of the Orcish Mines
 10373 | Orc:2    | Noticed an orc warlord
 10797 | D:10     | Entered Level 10 of the Dungeon
 10803 | D:10     | Identified a scroll of acquirement
 11111 | D:10     | Acquired the +11 arbalest of Balance {elec, rElec rPois
                  | Int+5}
 11135 | D:10     | Found a basalt altar of Yredelemnul.
 11135 | D:10     | Found a sacrificial altar of Ru.
 11136 | D:10     | Found an iron altar of Okawaru.
 11613 | D:10     | Found an ancient bone altar of Kikubaaqudgha.
 11628 | D:10     | Reached skill level 1 in Long Blades
 11741 | D:10     | Noticed a six-headed hydra
 11746 | D:10     | Killed a four-headed hydra
 11963 | D:10     | Noticed a two-headed ogre
 11966 | D:10     | Killed a two-headed ogre
 12181 | D:11     | Noticed a two-headed ogre
 12185 | D:11     | Killed a two-headed ogre
 12417 | D:10     | Reached skill level 5 in Long Blades
 13278 | D:11     | Found a staircase to the Lair.
 13750 | D:11     | Found a portal to a secret trove of treasure.
 13953 | Lair:1   | Entered Level 1 of the Lair of Beasts
 14263 | D:11     | Gained mutation: You have sharp fingernails. [demonic
                  | ancestry]
 14263 | D:11     | Reached XP level 12. HP: 66/73 MP: 14/14
 14297 | D:11     | HP: 1/73 [cane toad (14)]
 14612 | D:12     | Identified the +1 robe "Vymiq" {rPois rC+ Int+2}
 14958 | Lair:1   | Reached ***** piety under Hepliaklqana
 15261 | Lair:1   | Noticed Nergalle
 15273 | Lair:1   | Killed Nergalle
 15274 | Lair:1   | Reached skill level 10 in Long Blades
 15362 | Lair:1   | Noticed an eight-headed hydra
 15371 | Lair:1   | Killed a five-headed hydra
 15762 | Lair:1   | Found a blossoming altar of Fedhas.
 16065 | Lair:2   | Noticed a death yak
 16069 | Lair:2   | Killed a death yak
 16084 | Lair:2   | Noticed a death yak
 16086 | Lair:2   | Noticed a death yak
 16090 | Lair:2   | Killed a death yak
 16094 | Lair:2   | Killed a death yak
 16237 | Lair:2   | You fall into a shaft and drop 2 floors!
 16251 | Lair:4   | Found a staircase to the Snake Pit.
 16798 | Lair:2   | Noticed a five-headed hydra
 16808 | Lair:2   | Killed a one-headed hydra
 17139 | Lair:2   | Identified the +0 leather armour "Keque" {Str+2}
 17547 | Lair:3   | Gained mutation: When low on magic, you restore magic in
                  | place of health. [demonic ancestry]
 17547 | Lair:3   | Reached XP level 13. HP: 78/78 MP: 15/15
 17647 | Lair:3   | Reached ****** piety under Hepliaklqana
 17854 | Lair:3   | Found a staircase to the Shoals.
 18479 | Lair:4   | Upgraded the game from 0.28-a0-1199-gef9e1dbd39 to
                  | 0.28-a0-1206-g193881aaa2
 18862 | Lair:4   | Found a runed translucent door.
 18866 | Lair:4   | Noticed Wadghoppo's ghost (journeyman MiHu)
 18909 | Lair:4   | Killed Wadghoppo's ghost
 19541 | Lair:4   | Noticed a dire elephant
 20060 | Lair:4   | Killed a dire elephant
 20061 | Lair:4   | Reached skill level 1 in Armour
 20555 | Lair:4   | Identified the +1 trident of Woshy {flame, Fragile rElec
                  | rN++}
 20870 | Lair:5   | Found a staircase to the Slime Pits.
 21155 | Lair:5   | Reached skill level 5 in Fighting
 21563 | Lair:6   | Entered Level 6 of the Lair of Beasts
 21599 | Lair:6   | Reached skill level 5 in Dodging
 22343 | Lair:6   | Noticed Sonja
 22345 | Lair:6   | Killed Sonja
 22403 | Lair:6   | Noticed Urug
 22410 | Lair:6   | Killed Urug
 22411 | Lair:6   | Reached XP level 14. HP: 50/90 MP: 10/16
 22599 | Lair:6   | Identified the +10 trident of Extinguishment {holy, Str-2
                  | Int+4}
 23035 | Lair:6   | Reached skill level 5 in Armour
 23068 | Lair:6   | Found a large runed translucent door.
 23069 | Lair:6   | Found a large runed translucent door.
 24270 | D:12     | Noticed Gastronok
 24276 | D:12     | Killed Gastronok
 24299 | D:12     | Acquired the +1 scale mail "Lumeocw" {rN+ Dex+4}
 25039 | D:12     | Found Pykk's Jewellery Boutique.
 25360 | D:12     | Noticed Snorg
 25365 | D:12     | Killed Snorg
 25799 | D:13     | Reached skill level 5 in Hexes
 25850 | D:13     | HP: 2/92 [wind drake (shapeshifter)/the air (4)]
 26682 | Orc:2    | Killed an orc warlord
 26688 | Orc:2    | Reached skill level 5 in Spellcasting
 27169 | Orc:2    | Found Tuog's Magic Scroll Boutique.
 27189 | Orc:2    | Bought 3 scrolls of blinking for 292 gold pieces
 28308 | Orc:2    | Noticed an orc warlord
 28335 | Orc:2    | Killed an orc warlord
 29159 | Orc:2    | Gained mutation: You are partially covered in sharp spines.
                  | [demonic ancestry]
 29159 | Orc:2    | Reached XP level 15. HP: 97/97 MP: 24/24
 29308 | Orc:2    | Found Ysivefaula's General Store.
 29312 | Orc:2    | Found Lughua's Antique Armour Shop.
 29316 | Orc:2    | Found Veeneoba's Antique Weapon Shop.
 29330 | Orc:2    | Found Lil Xumu's Jewellery Shop.
 29467 | Orc:2    | Bought a ring of see invisible for 165 gold pieces
 29467 | Orc:2    | Bought an amulet of regeneration for 330 gold pieces
 29507 | Orc:2    | Found a staircase to the Elven Halls.
 29660 | Orc:2    | Upgraded the game from 0.28-a0-1206-g193881aaa2 to
                  | 0.28-a0-1234-g826d19b2e0
 31217 | D:14     | Found a gate to the Vaults.
 31336 | D:15     | Entered Level 15 of the Dungeon
 31480 | D:15     | Noticed Rupert
 31485 | D:15     | Killed Rupert
 31584 | D:15     | Found a runed translucent door.
 31584 | D:15     | Noticed Hiamueneg's ghost (journeyman HOAr)
 31831 | D:15     | Found a staircase to the Depths.
 32311 | D:15     | Killed Hiamueneg's ghost
 32312 | D:15     | Reached skill level 10 in Hexes
 32541 | Snake:1  | Entered Level 1 of the Snake Pit
 32896 | Snake:1  | Reached skill level 1 in Summonings
 32896 | Snake:1  | Reached skill level 1 in Translocations
 32958 | Snake:1  | Identified the +0 chain mail of Perpetual Drought {Str+7}
 33858 | Snake:2  | Found a transporter.
 33863 | Snake:2  | Found a transporter.
 33932 | Snake:2  | Found a transporter.
 33939 | Snake:2  | Found a transporter.
 34030 | Snake:2  | Reached XP level 16. HP: 99/103 MP: 29/29
 34091 | Snake:2  | Found Mupp's Book Shop.
 34140 | Snake:2  | Found a transporter.
 34140 | Snake:2  | Found a transporter.
 34462 | Snake:2  | Reached skill level 5 in Summonings
 34748 | Snake:2  | Reached skill level 5 in Translocations
 35180 | Snake:3  | Found Ollyuse's Antique Weapon Boutique.
 35235 | Snake:3  | Learned a level 5 spell: Summon Forest
 35511 | Snake:3  | HP: 4/103 [naga warrior (8)]
 35512 | Snake:3  | Mangled by a salamander

Illustrated notes

Levels and vault maps discovered:
D:1:      psy_arrival_conway, layout_rooms
D:2:      layout_loops_cross, dreamdust_ecumenical_altar_statues, serial_shops,
          shop, corexii_corridor_pit, uniq_robin, uniq_terence
D:3:      layout_loops_ring, roderic_serpentine_path, uniq_natasha
D:4:      layout_loops_ring, minmay_temple_entry_hall, kennysheep_generic_room_5
D:5:      layout_basic, serial_curves, eino_curves_04, eino_curves_03,
          lightli_minifort
D:6:      layout_loops_ring, enter_ossuary_5, chequers_hall_statues_wall_a,
          lightli_corner_chamber, uniq_pikel
D:7:      layout_loops_corners, uniq_duvessa, uniq_harold
D:8:      layout_loops_ring, uniq_erica, uniq_grum
D:9:      minmay_evil_eye, layout_gridville, minmay_orc_entry_temple_small,
          serial_park_tiny_pond, uniq_maurice
D:10:     layout_loops_ring, nicolae_overflow_quartered_altars
D:11:     layout_loops_cross, grunt_lair_entry_orc_guard_hut,
          nicolae_trove_entry_isolated, minmay_lizard_king
D:12:     layout_layer_cave, serial_shops, shop, uniq_gastronok, uniq_snorg
D:13:     layout_loops_ring
D:14:     layout_rooms, hangedman_vaults_entry_quadrant_bands,
          minmay_misc_feat_five
D:15:     grunt_enter_depths_magical_seal, layout_cave_pools,
          gammafunk_ghost_grave, grunt_decor_junction, minivault_19,
          nicolae_elyvilon_temple_path, uniq_rupert
Temple:   regret_index_temple_mists
Lair:1:   layout_small_grid, hangedman_tree_tricks, beast_lair_carwin_2,
          uniq_nergalle
Lair:2:   layout_cave_pods, wad_woods_river_03, lemuel_fruit_fields,
          grunt_megastairs_2
Lair:3:   layout_misc_corridors, elwin_shoals_entry_rooms,
          gauntlet_entry_generic
Lair:4:   beast_lair_carwin_large_3, layout_regular_city,
          guppyfry_snake_entry_garden, ebering_ghost_reflecting_pool
Lair:5:   layout_regular_city, nicolae_slime_entry_slimehenge,
          grunt_megastairs_1
Lair:6:   cheibrodos_lair_end_hotspot, layout_cave_pods, uniq_sonja, uniq_urug
Snake:1:  layout_layer_cave
Snake:2:  layout_grid_shapes, serial_shops, shop, serial_nicolae_subway,
          nicolae_sub_station_stone, nicolae_sub_station_crystal,
          nicolae_sub_station_metal, lemuel_fruit_tree
Snake:3:  layout_layer_cave, serial_shops, shop_fountains, ebering_ghost_xom
Orc:1:    layout_caves
Orc:2:    grunt_orc_cross, layout_caves, basic_altar, serial_shops,
          nicolae_diamond_shop, hangedman_minor_magic

Skill      XL: |  1  2  3  4  5  6  7  8  9 10 11 12 13 14 15 16 |
---------------+-------------------------------------------------+-----
Stealth        | 2 |  2.6
Axes           | 3 |  3.2
Dodging        | 3 5 6 |  6.5
Spellcasting   | 1 6 9 |  9.3
Hexes          | 1 6 10 | 10.2
Slings         | 3 4 6 |  6.2
Crossbows      | 3 7 10 13 14 | 14.1
Long Blades    | 7 12 14 | 14.0
Armour         | 4 5 |  5.4
Fighting       | 6 7 |  7.1
Summonings     | 3 6 |  6.5
Translocations | 3 6 |  6.0

Action                   |  1- 3 |  4- 6 |  7- 9 | 10-12 | 13-15 | 16-18 || total
-------------------------+-------+-------+-------+-------+-------+-------++-------
Melee: Hand axe          |    22 |    19 |       |       |       |       ||    41
       Whip              |    51 |   157 |       |     3 |       |       ||   211
       Hunting sling     |       |     1 |     1 |       |       |       ||     2
       War axe           |       |       |   139 |   115 |       |       ||   254
       Scimitar          |       |       |       |   186 |   540 |       ||   726
       Dagger            |       |       |       |    57 |       |       ||    57
 Fire: Hunting sling     |       |    21 |    75 |     8 |       |       ||   104
       Arbalest          |       |       |    34 |   190 |   559 |   128 ||   911
Throw: Stone             |       |     3 |     3 |       |     5 |       ||    11
 Cast: Slow              |     2 |     3 |     1 |     4 |     5 |       ||    15
       Confusing Touch   |       |       |       |       |     3 |       ||     3
Invok: Ancestor Life: Ba |       |     1 |       |       |       |       ||     1
       Ancestor Identity |       |     1 |       |       |       |       ||     1
       Recall Ancestor   |       |       |       |     2 |       |       ||     2
       Idealise          |       |       |       |       |     1 |     1 ||     2
Evoke: Wand              |       |       |       |       |     3 |     2 ||     5
       Lightning rod     |       |       |       |       |       |     2 ||     2
  Use: Scroll            |       |     4 |     6 |    10 |    15 |     2 ||    37
       Potion            |       |     1 |     1 |    13 |    12 |     1 ||    28
 Stab: Sleeping          |     5 |     6 |       |     1 |     5 |       ||    17
       Distracted        |       |       |     1 |       |     8 |       ||     9
       Invisible         |       |       |       |       |     2 |       ||     2
Armor: Robe              |    16 |     8 |       |       |       |       ||    24
       Leather armour    |       |    57 |       |       |       |       ||    57
       Scale mail        |       |    11 |   117 |   323 |   220 |       ||   671
       Skin              |       |       |       |    33 |    17 |       ||    50
       Chain mail        |       |       |       |       |     4 |    17 ||    21
Dodge: Dodged            |    55 |    93 |    98 |   358 |   349 |    27 ||   980

Table legend: (Time is in decaauts)
 A = Elapsed time spent in this place.
 B = Non-inter-level travel time spent in this place.
 C = Inter-level travel time spent in this place.
 D = Time resting spent in this place.
 E = Time spent auto-exploring this place.
 F = Levels seen in this place.
 G = Mean time per level.
                   A        B        C        D        E       F      G
               +--------+--------+--------+--------+--------+-----+--------+
         Total |  35646 |  34087 |   1559 |   9073 |  15642 |  28 | 1273.1 |
       Dungeon |  18548 |  17621 |    927 |   4144 |   8760 |  15 | 1236.5 |
        Temple |    147 |    128 |     19 |      0 |    105 |   1 |  147.0 |
          Lair |   9253 |   8793 |    460 |   2620 |   4117 |   6 | 1542.2 |
     Snake Pit |   3010 |   2941 |     69 |    353 |   1433 |   3 | 1003.3 |
  Orcish Mines |   4033 |   3951 |     82 |   1907 |    945 |   2 | 2016.5 |
       Ossuary |    653 |    653 |      0 |     48 |    282 |   1 |  653.0 |
               +--------+--------+--------+--------+--------+-----+--------+

Top non-repeatable levels by time:
   Orc:2: 2559 daAuts
  Lair:6: 2375 daAuts
    D:11: 2350 daAuts
    D:10: 1827 daAuts
  Lair:4: 1708 daAuts
     D:7: 1598 daAuts
  Lair:3: 1582 daAuts
    D:12: 1509 daAuts
   Orc:1: 1474 daAuts
    D:13: 1442 daAuts
  Lair:1: 1408 daAuts
     D:5: 1378 daAuts
 Snake:1: 1324 daAuts
     D:9: 1254 daAuts
  Lair:2: 1222 daAuts
